 Dungeon Crawl Stone Soup version 0.26.0-10-g1f06aea511 (webtiles) character file.

Game seed: 16650663062284898769

133 Marvel the Skirmisher (level 4, -2/38 HPs)
             Began as a Demonspawn Abyssal Knight on Jan 14, 2021.
             Was a Believer of Lugonu.
             Slain by a river rat (6 damage)
             ... in a sewer.
             The game lasted 00:04:26 (2847 turns).

Marvel the Skirmisher (Demonspawn Abyssal Knight)   Turns: 2847, Time: 00:04:27

Health: -2/38      AC:  3    Str: 14    XL:     4   Next: 93%
Magic:  5/5        EV: 11    Int: 13    God:    Lugonu [**....]
Gold:   152        SH:  0    Dex: 12    Spells: 3/3 levels left

rFire    . . .     SeeInvis .   a - +2 hand axe
rCold    . . .     Faith    .   (no shield)
rNeg     . . .     Spirit   .   b - +0 leather armour
rPois    .         Reflect  .   (no helmet)
rElec    .         Harm     .   (no cloak)
rCorr    .         Rampage  .   (no gloves)
Will     .....                  (no boots)
Stlth    +.........             (no amulet)
HPRegen  0.12/turn              (no ring)
MPRegen  0.09/turn              (no ring)

@: very slow
A: claws 1, spiny 1
a: Renounce Religion, Depart the Abyss, Bend Space


You were in a sewer.
You worshipped Lugonu.
Lugonu was pleased with you.
You visited 1 branch of the dungeon, and saw 3 of its levels.
You visited the Abyss 1 time.
You also visited: Sewer.

You collected 152 gold pieces.

Inventory:

Hand Weapons
 a - a +2 hand axe (weapon)
Missiles
 e - 15 poisoned darts (quivered)
Armour
 b - a +0 leather armour (worn)
Scrolls
 f - 3 scrolls of identify {unknown}
 g - 2 scrolls of blinking {unknown}
 h - a scroll of enchant armour {unknown}
 j - a scroll of remove curse
Potions
 c - 3 potions of curing {unknown}
 d - 2 potions of degeneration {unknown}
 i - 2 potions of heal wounds {unknown}
 k - a potion of brilliance {unknown}
 l - a potion of berserk rage {unknown}
 m - a potion of might {unknown}
 n - a potion of resistance {unknown}


   Skills:
 + Level 4.7 Fighting
 + Level 3.2 Axes
 - Level 1.8 Armour
 - Level 0.9 Dodging
 - Level 2.4 Invocations


You had 3 spell levels left.
You didn't know any spells.
Your spell library was empty.

Dungeon Overview and Level Annotations

Branches:
Dungeon (3/15)              Sewer (1/1)

Altars:
Kikubaaqudgha
Xom


Innate Abilities, Weirdness & Mutations

You have sharp fingernails.
You are partially covered in sharp spines.


Message History

* * * LOW HITPOINT WARNING * * *
You enter the shallow water.
Moving in this stuff is going to be slow.
The river rat completely misses you.
You closely miss the river rat.
The river rat is almost dead.
The river rat barely misses you.
Your unstable footing causes you to fumble your attack.
The river rat completely misses you.
You closely miss the river rat.
The river rat is almost dead.
The river rat barely misses you.
Your unstable footing causes you to fumble your attack.
The river rat bites you but does no damage.
The river rat bites you.
* * * LOW HITPOINT WARNING * * *
You barely miss the river rat.
The river rat is almost dead.
The river rat bites you.
You die...

. ##. ... ## ## #.# .#. #.##.#
#.#.# #.## #†#r##
###############@################
≈≈≈≈#≈≈..≈..≈..≈≈...≈≈≈≈≈≈≈≈≈≈.≈
≈≈≈≈#≈≈.≈...≈≈..≈≈≈.≈≈≈≈≈≈≈≈≈≈..
################################


You could see a river rat.

Vanquished Creatures
  4 adders
  3 gnolls (D:2)
  An ooze (D:2)
  2 worms
  2 dart slugs
  4 leopard geckos
  A ball python (D:1)
  2 giant cockroaches
  8 goblins
  3 hobgoblins
  4 jackals (D:2)
  A kobold (D:1)
  A quokka (D:2)
  6 bats
  3 frilled lizards
  4 rats
49 creatures vanquished.

Notes
Turn   | Place    | Note
-------+----------+-------------------------------------------
     0 | Abyss:1  | Marvel the Demonspawn Abyssal Knight began the quest for
                  | the Orb.
     0 | Abyss:1  | Reached XP level 1. HP: 18/18 MP: 2/2
     2 | Abyss:1  | Found a corrupted altar of Lugonu.
    48 | D:1      | Escaped the Abyss
   163 | D:1      | Gained mutation: You are partially covered in sharp spines.
                  | [demonic ancestry]
   163 | D:1      | Reached XP level 2. HP: 11/24 MP: 3/3
   850 | D:2      | Reached skill level 4 in Fighting
   850 | D:2      | Gained mutation: You have sharp fingernails. [demonic
                  | ancestry]
   850 | D:2      | Reached XP level 3. HP: 13/30 MP: 4/4
  1170 | D:2      | Reached ** piety under Lugonu
  1239 | D:2      | Reached XP level 4. HP: 28/37 MP: 5/5
  1682 | D:2      | Found a shimmering altar of Xom.
  2382 | D:2      | Found an ancient bone altar of Kikubaaqudgha.
  2609 | D:3      | Found a glowing drain.
  2759 | Sewer    | Entered a sewer
  2847 | Sewer    | Slain by a river rat

Illustrated notes

Levels and vault maps discovered:
D:1:      dpeg_arrival_orchard, layout_rooms
D:2:      layout_loops_ring, nicolae_overflow_hidden_temple, lemuel_round_altar,
          hangedman_decor_growths, minmay_crystal_water,
          wander_ebering_terrifying_dragon_lair
D:3:      layout_basic, nicolae_overflow_crystal_walls, portal_sewer_entry_a
Sewer:    sewer_co_cracked_pipes

Skill      XL: |  1  2  3  4 |
---------------+-------------+-----
Axes           | 2 3 |  3.2
Fighting       | 4 |  4.7
Armour         | |  1.8
Dodging        | |  0.9
Invocations    | |  2.4

Action                   |  1- 3 |  4- 6 || total
-------------------------+-------+-------++-------
Melee: Hand axe          |    60 |    57 ||   117
Throw: Dart              |       |     2 ||     2
  Use: Scroll            |       |     2 ||     2
 Stab: Sleeping          |       |     1 ||     1
Armor: Leather armour    |    23 |     6 ||    29
Dodge: Dodged            |    49 |    33 ||    82
